Unix NetHack Version 5.0.0-0 post-release - last build May  4 2026 22:22:43 (774f63e81ad911689b3a0859ea89b322d5daca8d,branch:main).

Game began 2026-05-07 05:47:38, ended 2026-05-07 08:05:28.

2459832143, chaotic male human Rogue

                                                                       -
                                                                       .--
                                                                       ..| ---
                                                                        .--..--
                                                                        ......|
                                                                      --...?.-
                                                                     --......|
                                                                    --GG.G...|
                                                                    |.G...-..|
                                                                    |@GG....-
                                                                    ----....|
                                                                       |....--
                                                                       |.....|
                                                                       --....|
                                                                         ....|
                                                                         ....|
                                                                         ..---
                                                                         .--
                                                                         --
2459832143 the Cutpurse  St:12 Dx:16 Co:14 In:13 Wi:10 Ch:11  Chaotic
Dlvl:4  $:33 HP:0(23) Pw:11(11) AC:6  Xp:3 T:1954 

Latest messages:
 It misses!
 It bites!
 You descend the stairs.
 You can see again.
 You can hear again.
 You climb up the stairs.
 The coyote bites!
 Pick a monster, object or location.
 What do you want to throw? [$b or ?*] ?
 What do you want to throw? [$b or ?*] 6
 Count: 6 ?
 What do you want to throw? [$b or ?*] b
 In what direction? 6
 You throw 2 daggers.
 The 1st dagger hits the coyote.
 The 2nd dagger hits the coyote.
 The coyote bites!
 The coyote bites!
 You kill the coyote!
 Really step onto that magic trap? [yn] (n) n
 The newt bites!
 You kill the newt!
 You see here a newt corpse.
 What do you want to read? [in or ?*] ?
 As you read the scroll, it disappears.
 Your hands begin to glow red.
 Call a scroll labeled FNORD: 
 What do you want to read? [n or ?*] ?
 What do you want to read? [n or ?*] n
 As you read the scroll, it disappears.
 Your leather armor glows silver for a moment.
 You descend the stairs.
 The gnome swings her thonged club.
 The gnome hits!
 The gnome hits!
 You miss the gnome.
 The gnome swings her thonged club.
 The gnome hits!
 You miss the gnome.
 The gnome hits!
 You hit the gnome.
 Your hands no longer glow so brightly red.
 The gnome appears confused.
 The gnome hits!
 You die...
 Do you want your possessions identified? [ynq] (y) y
 Do you want to see your attributes? [ynq] (y) y
 Do you want an account of creatures vanquished? [ynaq] (y) y
 Do you want to see your conduct and achievements? [ynq] (y) y
 Do you want to see the dungeon overview? [ynq] (y) y

Inventory:
 Coins    ('$')
  $ - 33 gold pieces
 Weapons  (')')
  b - 11 +0 daggers (alternate weapons; not wielded)
  a - a +0 short sword (weapon in right hand)
 Armor    ('[')
  c - an uncursed +2 leather armor (being worn)
  j - an uncursed +0 studded leather armor
 Comestibles  ('%')
  l - an uncursed partly eaten food ration
  o - 2 uncursed lichen corpses
 Potions  ('!')
  d - an uncursed potion of sickness
  h - an uncursed potion of sleeping
 Tools    ('(')
  f - an empty uncursed sack
  k - an empty cursed sack
  g - an uncursed brass lantern
  e - an uncursed lock pick
 Gems/Stones  ('*')
  q - 3 uncursed rocks

2459832143 the Rogue's attributes:

Background:
 You were a Cutpurse, a level 3 male human Rogue.
 You were chaotic, nominally on a mission for Kos
 who was opposed by Issek (lawful) and Mog (neutral).
 You were right-handed.
 You were in the Gnomish Mines, on level 4.
 You entered the dungeon 1954 turns ago.
 You had 77 experience points, 3 more were needed to attain level 4.

Basics:
 You had 0 out of 23 hit points.
 You had all 11 energy points (spell power).
 Your armor class was 6.
 Your wallet contained 33 zorkmids.
 Autopickup was off.

Final Characteristics:
 Your strength was 12 (limit:18/100).
 Your dexterity was 16 (limit:18).
 Your constitution was 14 (limit:18).
 Your intelligence was 13 (limit:18).
 Your wisdom was 10 (limit:18).
 Your charisma was 11 (limit:18).

Final Status:
 You weren't hungry.
 You were unencumbered.
 You were wielding a short sword.
 You had basic skill with short sword.

Final Attributes:
 You were devoutly aligned.
 You would have confused monsters when hitting them.
 You were stealthy.
 You were warded.
 You are dead.

Miscellaneous:
 You didn't encounter any bones levels.
 Total elapsed playing time was 2 hours, 11 minutes and 39 seconds.

Major events:
 Turn
    1: 2459832143 the chaotic male human Rogue entered the dungeon
  983: attained the rank of Cutpurse (level 3)
 1512: entered the Gnomish Mines
 1954: killed by a gnome

You didn't know any spells.

Skills:
 Fighting Skills
   bare handed combat [Unskilled]
   two weapon combat  [Unskilled]
   riding             [Unskilled]
 Weapon Skills
   dagger             [Basic]
   knife              [Unskilled]
   short sword        [Basic]
   broadsword         [Unskilled]
   long sword         [Unskilled]
   two-handed sword   [Unskilled]
   saber              [Unskilled]
   club               [Unskilled]
   mace               [Unskilled]
   morning star       [Unskilled]
   flail              [Unskilled]
   hammer             [Unskilled]
   polearms           [Unskilled]
   spear              [Unskilled]
   crossbow           [Unskilled]
   dart               [Unskilled]
   shuriken           [Unskilled]
 Spellcasting Skills
   divination spells  [Unskilled]
   escape spells      [Unskilled]
   matter spells      [Unskilled]

Voluntary challenges:
 Character rerolling was not enabled.
 You followed a strict vegan diet.
 You were an atheist.
 You never genocided any monsters.
 You never polymorphed an object.
 You never changed form.
 You used no wishes.
Achievements:
 You entered a shop.
 You attained the rank of Cutpurse.
 You entered the Gnomish Mines.

 The Dungeons of Doom: levels 1 to 4
    Level 1:
    Level 2:
       A food shop, a fountain.
    Level 3:
       Stairs down to The Gnomish Mines.
    Level 4:
 The Gnomish Mines:
    Level 4: <- You were here.
       Final resting place for
          you, killed by a gnome.


Vanquished creatures:
 an acid blob
  2 coyotes
  a hobbit
  a large kobold
  2 gnome zombies
  a gecko
  2 foxes
  2 kobolds
  a goblin
  a sewer rat
  4 grid bugs
  a bat
  4 lichens
  a kobold zombie
  5 newts
29 creatures vanquished.

No species were genocided or became extinct.

Game over:
                       ----------
                      /          \
                     /    REST    \
                    /      IN      \
                   /     PEACE      \
                  /                  \
                  |    2459832143    |
                  |      33 Au       |
                  |   killed by a    |
                  |      gnome       |
                  |                  |
                  |                  |
                  |       2026       |
                 *|     *  *  *      | *
        _________)/\\_//(\/(/\)/\//\/|_)_______

Goodbye 2459832143 the Rogue...

You died in The Gnomish Mines on dungeon level 4 with 498 points,
and 33 pieces of gold, after 1954 moves.
You were level 3 with a maximum of 23 hit points when you died.

